 Seeded DCSS version 0.30-a0-1094-g860fb061e7 (webtiles) character file.

Game seed: 7851298505247932012 (custom seed)

338 Pimp the Trooper (level 6, -5/55 HPs)
             Began as a Draconian Fighter on Apr 17, 2023.
             Killed by nerve-wracking pain
             ... invoked by Grinder
              (11 damage)
             ... on level 5 of the Dungeon.
             The game lasted 00:05:05 (2560 turns).

Pimp the Trooper (Draconian Fighter)                Turns: 2560, Time: 00:05:05

Health: -5/55      AC: 10    Str: 18    XL:     6   Next: 29%
Magic:  6/6        EV: 13    Int:  8    God:
Gold:   608        SH:  5    Dex: 13    Spells: 5/5 levels left

rFire   + . .      SeeInvis .    m - +1 war axe (vamp)
rCold   + . .      Faith    .    b - +0 buckler
rNeg    . . .      Spirit   .    (body armour unavailable)
rPois   +          Reflect  .    (helmet restricted)
rElec   +          Rampage  .    (no cloak)
rCorr   +                        (no gloves)
Will    .....                    (no boots)
Stlth   +                        (no amulet)
HPRegen 0.29/turn                f - +4 ring of protection
MPRegen 0.10/turn                (no ring)

@: resistant, on berserk cooldown, slowed, very slow
A: AC +6, unfitting armour, cold-blooded
a: no special abilities


You were on level 5 of the Dungeon.
You visited 1 branch of the dungeon, and saw 5 of its levels.

You collected 1245 gold pieces.
You spent 637 gold pieces at shops.

Inventory:

Hand Weapons
 a - a +0 war axe
 m - a +1 vampiric war axe (weapon)
Missiles
 n - a throwing net (quivered)
Armour
 b - a +0 buckler (worn)
Jewellery
 f - a +4 ring of protection (left hand)
 t - a ring of see invisible
Wands
 u - a wand of mindburst (26)
Scrolls
 d - a scroll of amnesia
 g - 2 scrolls of identify {unknown}
 h - 3 scrolls of teleportation
 i - a scroll of fog
 q - a scroll of blinking {unknown}
 r - a scroll of noise {unknown}
 v - a scroll of vulnerability {unknown}
Potions
 c - a potion of might
 e - a potion of heal wounds {unknown}
 j - a potion of cancellation {unknown}
 k - a potion of berserk rage
 l - a potion of degeneration {unknown}
 o - a potion of resistance
 p - a potion of invisibility {unknown}
 s - a potion of curing {unknown}


   Skills:
 + Level 4.8 Fighting
 + Level 3.7 Axes
 + Level 4.0 Dodging
 + Level 4.3 Shields


You had 5 spell levels left.
You didn't know any spells.
Your spell library contained the following spells:

 Spells                   Type           Power      Damage    Failure   Level
 Freeze                   Ice            0%         1d3       50%         1
 Magic Dart               Conj           0%         1d3       50%         1
 Call Imp                 Summ           0%         N/A       63%         2
 Frozen Ramparts          Ice            0%         1d1       86%         3
 Hailstorm                Conj/Ice       0%         3d3       86%         3
 Mephitic Cloud           Conj/Pois/Air  0%         N/A       86%         3


Dungeon Overview and Level Annotations

Branches:
Dungeon (5/15)
 Temple: D:4-7

Altars:
Sif Muna
Zin

Shops:
D:2 (   D:3 =   D:4 [

Annotations:
D:5 Grinder


Innate Abilities, Weirdness & Mutations

Your plain brown scales are hard. (AC +6)
You cannot fit into any form of body armour.
You are cold-blooded and may be slowed by cold attacks.


Message History

Unknown command.
You barely miss Grinder.
Grinder is lightly wounded.
You completely miss the iguana. You block the iguana's attack.
Grinder gestures at you. Pain shoots through your body!
* * * LOW HITPOINT WARNING * * *
You slash Grinder!
Grinder is heavily wounded.
You closely miss the iguana. The iguana bites you.
* * * LOW HITPOINT WARNING * * *
Grinder hits you.
* * * LOW HITPOINT WARNING * * *
You writhe in agony.
* * * LOW HITPOINT WARNING * * *
You barely miss Grinder. You tail-slap Grinder.
Grinder is heavily wounded.
You slice the iguana!!
You kill the iguana!
Grinder hits you.
* * * LOW HITPOINT WARNING * * *
You writhe in agony.
* * * LOW HITPOINT WARNING * * *
Your Dodging skill increases to level 4!
You hit Grinder.
Grinder is severely wounded.
You are no longer berserk.
You are exhausted.
You feel yourself slow down. Grinder gestures at you.
You resist with significant effort.
It was a potion of resistance.
You feel protected. Grinder hits you.
* * * LOW HITPOINT WARNING * * *
You writhe in agony.
* * * LOW HITPOINT WARNING * * *
Grinder gestures at you. Pain shoots through your body!
You die...

####...#
#.....##
####.###<#
##....# #.#
#.####..####
#.#
#.......#
#.#
######..###
#.# #.....#
#.#
#@###.......
#.....5))#
#......
#..........
....
#........###
...
..########
.. .


You could see Grinder.

Vanquished Creatures
  An ogre (D:4)
  A hound (D:4)
  An iguana (D:5)
  3 orc wizards
  4 gnolls (D:4)
  2 adders
  3 dart slugs
  8 orcs
  2 bats (D:2)
  5 endoplasms
  A giant cockroach (D:1)
  8 goblins
  5 hobgoblins
  4 jackals (D:4)
  4 kobolds
  2 quokkas
  3 ball pythons
  3 frilled lizards
  2 rats
62 creatures vanquished.

Notes
Turn   | Place    | Note
-------+----------+-------------------------------------------
     0 | D:1      | Pimp the Draconian Fighter began the quest for the Orb.
     0 | D:1      | Reached XP level 1. HP: 19/19 MP: 1/1
   242 | D:1      | Reached XP level 2. HP: 18/26 MP: 2/2
   440 | D:1      | Identified a scroll of acquirement
   440 | D:1      | Acquired 1063 gold pieces
   581 | D:2      | You fall into a shaft and drop 1 floor!
   630 | D:3      | Found Zusmamos's Jewellery Emporium.
   661 | D:3      | Bought a +4 ring of protection for 468 gold pieces
   873 | D:2      | Found Muinuro's Antique Weapon Boutique.
   884 | D:2      | Reached XP level 3. HP: 26/33 MP: 3/3
   912 | D:2      | Bought a runed war axe for 169 gold pieces
  1429 | D:3      | Found a faded altar of an unknown god.
  1815 | D:4      | Reached XP level 4. HP: 31/40 MP: 4/4
  1963 | D:4      | Reached XP level 5. HP: 46/46 MP: 5/5
  2230 | D:4      | Found Jeutered's Antique Armour Shop.
  2235 | D:4      | Noticed an ogre
  2239 | D:4      | Killed an ogre
  2288 | D:4      | Found a glowing silver altar of Zin.
  2288 | D:4      | Found a shimmering blue altar of Sif Muna.
  2526 | D:5      | Entered Level 5 of the Dungeon
  2544 | D:5      | Noticed Grinder
  2551 | D:5      | Paralysed by Grinder for 4 turns
  2552 | D:5      | Reached XP level 6. HP: 45/53 MP: 6/6
  2560 | D:5      | Killed from afar by Grinder

Illustrated notes

Levels and vault maps discovered:
D:1:      minmay_arrival_wavy_path, layout_rooms
D:2:      layout_loops_ring, serial_shops, shop
D:3:      layout_rooms, serial_shops, shop, nicolae_ecumenical_oubliette
D:4:      layout_gridville, amethyst_overflow_temple_binary, serial_shops, shop,
          kennysheep_path_1, chequers_serial_rivers_room_a
D:5:      layout_rooms, uniq_grinder

Skill      XL: |  1  2  3  4  5  6 |
---------------+-------------------+-----
Dodging        | 3 4 |  4.0
Fighting       | 4 |  4.8
Axes           | 3 |  3.7
Shields        | 4 |  4.3

Action                     |  1- 3 |  4- 6 || total
---------------------------+-------+-------++-------
  Melee: War axe           |    78 |    64 ||   142
         Tailslap          |     7 |     9 ||    16
    Use: Scroll            |     7 |       ||     7
         Potion            |       |     3 ||     3
   Stab: Sleeping          |     2 |     1 ||     3
 Armour: Skin              |    44 |    46 ||    90
  Dodge: Dodged            |    54 |    68 ||   122
  Block: Buckler           |    19 |    26 ||    45

Table legend: (Time is in decaauts)
 A = Elapsed time spent in this place.
 B = Non-inter-level travel time spent in this place.
 C = Inter-level travel time spent in this place.
 D = Time resting spent in this place.
 E = Time spent auto-exploring this place.
 F = Levels seen in this place.
 G = Mean time per level.
                   A        B        C        D        E       F      G
               +--------+--------+--------+--------+--------+-----+--------+
         Total |   2614 |   2424 |    190 |      3 |   1889 |   5 |  522.8 |
       Dungeon |   2614 |   2424 |    190 |      3 |   1889 |   5 |  522.8 |
               +--------+--------+--------+--------+--------+-----+--------+

Top non-repeatable levels by time:
     D:4: 744 daAuts
     D:2: 713 daAuts
     D:3: 584 daAuts
     D:1: 536 daAuts
     D:5: 35 daAuts
